 Seeded DCSS version 0.30-a0-305-g026cb31310 (webtiles) character file.

Game seed: 17790380096243088950 (custom seed)

6897 purpskrrrp the Grappler (level 10, -2/94 HPs)
             Began as a Troll Transmuter on Oct 22, 2022.
             Was the Champion of Cheibriados.
             Slain by Psyche
             ... wielding a +3 dagger of distortion
              (4 damage)
             ... on level 9 of the Dungeon.
             The game lasted 00:14:10 (7710 turns).

purpskrrrp the Grappler (Troll Transmuter)          Turns: 7710, Time: 00:14:10

Health: -2/94      AC:  0    Str: 42    XL:     10   Next: 79%
Magic:  0/13       EV: 19    Int: 24    God:    Cheibriados [******]
Gold:   323        SH:  0    Dex: 28    Spells: 14/15 levels left

rFire   + . .      SeeInvis .      - Unarmed
rCold   . . .      Faith    .    (shield currently unavailable)
rNeg    . . .      Spirit   +    (body armour currently unavailable)
rPois   .          Reflect  .    (helmet currently unavailable)
rElec   +          Harm     .    (cloak currently unavailable)
rCorr   .          Rampage  .    (gloves unavailable)
Will    .....                    (boots unavailable)
Stlth   ++........               j - amulet "Ushries" {Spirit rElec rF+ Int-3 Slay+6}
HPRegen 1.15/turn                (ring currently unavailable)
MPRegen 0.13/turn                (ring currently unavailable)

@: bat-form, flying, very slow
A: fast, flying, no casting, tiny, unfitting armour, (claws 3), regeneration 1,
(shaggy fur 1), (tough skin 1), clever 1, strong 1, subdued magic 1
a: Renounce Religion, Bend Time, Temporal Distortion, Slouch, Step From Time


You were on level 9 of the Dungeon.
You worshipped Cheibriados.
Cheibriados was exalted by your worship.
You were a bat.
You visited 1 branch of the dungeon, and saw 9 of its levels.

You collected 637 gold pieces.
You spent 314 gold pieces at shops.

Inventory:

Hand Weapons
 J - a +2 broad axe of distortion
Missiles
 v - a throwing net
Armour
 a - a +0 robe
 d - a +2 tower shield of positive energy (melded)
 l - the +1 storm dragon scales of Lucidity (melded) {-Tele Fly rElec SInv}
   (You acquired it on level 5 of the Dungeon)

   rElec:     It insulates you from electricity.
   SInv:      It lets you see invisible.
   Fly:       It grants you flight.
   -Tele:     It prevents most forms of teleportation.
 E - the +0 cloak of the Turtle (melded) {Dex+7}
   (You bought it in a shop on level 7 of the Dungeon)

   Dex:       It affects your dexterity (+7).
Jewellery
 j - the amulet "Ushries" (around neck) {Spirit rElec rF+ Int-3 Slay+6}
   (You acquired it on level 5 of the Dungeon)

   [amulet of guardian spirit]

   It causes incoming damage to be divided between your reserves of health and
   magic.
   Int:       It affects your intelligence (-3).
   Slay:      It affects your accuracy & damage with ranged weapons and melee
   (+6).
   rF:        It protects you from fire.
   rElec:     It insulates you from electricity.
 u - an amulet of magic regeneration
 C - a +4 ring of evasion (melded)
 D - a ring of flight
 F - a ring of protection from cold
 H - a +4 ring of evasion (melded)
Wands
 k - a wand of digging (10)
 n - a wand of flame (3)
 p - a wand of paralysis (18)
 w - a wand of polymorph (8)
 I - a wand of roots (7)
Scrolls
 c - a scroll of blinking
 f - a scroll of poison
 h - a scroll of butterflies
 i - a scroll of teleportation
 m - 2 scrolls of immolation
 r - 3 scrolls of amnesia
Potions
 b - 4 potions of lignification
 e - 9 potions of curing
 g - 2 potions of haste
 o - 2 potions of attraction
 q - 2 potions of heal wounds
 s - a potion of resistance {unknown}
 t - a potion of might {unknown}
 z - a potion of brilliance
 A - a potion of ambrosia {unknown}
 B - 4 potions of mutation


   Skills:
 + Level 4.6 Fighting
 + Level 4.4 Armour
 - Level 1.5 Dodging
 + Level 4.9 Shields
 * Level 11.8 Unarmed Combat
 - Level 3.2 Spellcasting
 + Level 4.4 Transmutations


You had 14 spell levels left.
You knew the following spells:

 Your Spells              Type           Power      Damage    Failure   Level
a - Beastly Appendage     Tmut           38%        N/A       1%          1

Your spell library contained the following spells:

 Spells                   Type           Power      Damage    Failure   Level
 Wereblood                Tmut           19%        N/A       1%          2
 Sting                    Tmut/Pois      44%        1d5       3%          1
 Apportation              Tloc           4%         N/A       9%          1
 Necrotise                Necr           8%         1d4       9%          1
 Summon Small Mammal      Summ           8%         N/A       9%          1
 Spider Form              Tmut/Pois      11%        N/A       11%         3
 Poisonous Vapours        Pois/Air       4%         N/A       13%         2
 Sublimation of Blood     Necr           2%         N/A       13%         2
 Ice Form                 Ice/Tmut       11%        N/A       34%         4
 Olgreb's Toxic Radiance  Pois           2%         N/A       67%         4
 Summon Lightning Spire   Summ/Air       2%         N/A       67%         4
 Fireball                 Conj/Fire      1%         3d3       95%         5
 Iskenderun's Battlesphe  Conj           2%         2d6       95%         5
 Conjure Ball Lightning   Conj/Air       1%         3x3d6     100%        6
 Orb of Destruction       Conj           1%         9d5       100%        7
 Storm Form               Tmut/Air       5%         N/A       100%        7
 Summon Hydra             Summ           1%         N/A       100%        7
 Maxwell's Capacitive Co  Air            1%         ∞         100%        8


Dungeon Overview and Level Annotations

Branches:
Dungeon (9/15)             Temple (0/1) D:4            Lair (0/5) D:8
    Orc: D:9-12

Altars:
Cheibriados
Elyvilon
Fedhas
Gozag
Hepliaklqana
Kikubaaqudgha
Makhleb
Nemelex Xobeh
Okawaru
Qazlal
Wu Jian
Xom
The Shining One

Shops:
D:4 (   D:7 *

Annotations:
D:6 3 runed translucent doors, Palms's ghost, novice DsNe
D:9 Psyche


Innate Abilities, Weirdness & Mutations

You are a bat.
You are tiny and dextrous.
You move quickly.
You are flying.
Your equipment is almost entirely melded.
You are incapable of wielding weapons or throwing items.
You cannot cast spells.
You are too large for most types of armour.
((You have claws for hands.))
Your natural rate of healing is unusually fast.
((You are covered in fur. (AC +1)))
((You have tough skin. (AC +1)))
Your mind is acute. (Int +4, Str/Dex -1)
Your muscles are strong. (Str +4, Int/Dex -1)
Your spells are a little easier to cast, but a little less powerful.


Message History

Your +4 ring of evasion melds into your body. x2
You feel less protected from negative energy.
You float gracefully downwards.
Psyche attacks as you move away!
Psyche hits you with a +3 dagger of distortion!
Space warps horribly around you!!
Psyche zaps a wand.
Your mind is blasted!
Psyche mumbles some strange words.
Psyche flickers and vanishes!
Deactivating autopickup; reactivate with Ctrl-A.
You hear some strange, mumbled words.
A swirling arc of seething chaos appears!
An arc of chaos appears from out of thin air!
The arc of chaos hits you!
Something tries to affect you, but you resist.
You hear a zap.
Your mind is blasted!
You hear a zap.
Your mind is blasted!
The now-empty wand crumbles to dust.
Something hits you!
You blink.
You hear some strange, mumbled words.
A swirling arc of seething chaos appears!
An arc of chaos appears from out of thin air!
The arc of chaos hits you. You resist. Something hits you.
You blink.
Something hits you. Space warps around you.
You barely miss something. Something closely misses you. Something hits you.
Space warps around you.
* * * LOW HITPOINT WARNING * * *
You hear some strange, mumbled words.
Something closely misses you. Something hits you!
* * * LOW HITPOINT WARNING * * *
Something hits you!
* * * LOW HITPOINT WARNING * * *
Space warps around you.
* * * LOW HITPOINT WARNING * * *
There is a stone staircase leading up, spattered with blood here.
Something hits you!
* * * LOW HITPOINT WARNING * * *
Space warps around you.
You die...

.##.# .##.# <##.# .##.#
....# # #...## ##..# .#
#@....
##..###################.#
#.....
........................#
#..@..
##.########>...#b....####
.....
#.###......########....#
.... #.....######
####.######..# #.#####
#.......... #.#
########... ### ####


There were no monsters in sight!

Vanquished Creatures
  A two-headed ogre (D:6)
  An elephant (D:8)
  Joseph (D:7)
  Maggie (D:8)
  A troll (D:6)
  Prince Ribbit (D:6)
  6 yaks (D:9)
  3 wyverns
  Menkaure (D:7)
  Duvessa (D:5)
  4 water moccasins
  2 ice beasts (D:6)
  3 orc warriors
  2 black bears (D:8)
  A centaur (D:6)
  2 phantoms
  2 kobold brigands
  2 bullfrogs
  2 necrophages
  3 scorpions
  5 wights (D:7)
  Dowan (D:5)
  4 killer bees (D:8)
  2 howler monkeys (D:6)
  3 jellies
  3 orc priests
  5 hounds
  2 iguanas
  Terence (D:3)
  13 orc wizards
  5 gnolls
  7 adders
  A shadow imp (D:5)
  2 white imps
  4 ufetubi
  2 worms
  5 dart slugs
  41 orcs
  12 ball pythons
  7 bats
  7 endoplasms
  2 giant cockroaches
  6 goblins
  12 hobgoblins
  7 jackals
  20 kobolds
  3 quokkas
  2 frilled lizards (D:1)
  4 rats
228 creatures vanquished.

Vanquished Creatures (others)
  10 plants
10 creatures vanquished.

Grand Total: 238 creatures vanquished

Notes
Turn   | Place    | Note
-------+----------+-------------------------------------------
     0 | D:1      | purpskrrrp the Troll Transmuter began the quest for the
                  | Orb.
     0 | D:1      | Reached XP level 1. HP: 18/18 MP: 1/1
    70 | D:1      | Reached XP level 2. HP: 26/26 MP: 2/2
   134 | D:1      | Reached skill level 4 in Unarmed Combat
   172 | D:2      | Reached XP level 3. HP: 27/32 MP: 3/3
   351 | D:3      | Found a faded altar of an unknown god.
   356 | D:3      | Prayed at the altar of an unknown god.
   356 | D:3      | Became a worshipper of Cheibriados the Contemplative
   356 | D:3      | Reached * piety under Cheibriados
   380 | D:3      | Found a shimmering altar of Xom.
   419 | D:3      | Reached XP level 4. HP: 36/40 MP: 2/4
   504 | D:4      | Reached skill level 5 in Unarmed Combat
   635 | D:4      | Reached XP level 5. HP: 44/46 MP: 3/5
   689 | D:4      | Found a glowing golden altar of the Shining One.
   751 | D:5      | Entered Level 5 of the Dungeon
   756 | D:5      | Reached ** piety under Cheibriados
   757 | D:5      | Reached skill level 6 in Unarmed Combat
   866 | D:5      | Noticed a phantom
   883 | D:4      | Noticed Duvessa
   883 | D:4      | Noticed Dowan
   883 | D:4      | Found Irorotuk's Antique Weapon Boutique.
   893 | D:5      | Killed a phantom
   894 | D:5      | Reached skill level 7 in Unarmed Combat
   894 | D:5      | Reached XP level 6. HP: 27/54 MP: 4/6
   957 | D:5      | Noticed a water moccasin
   963 | D:5      | Killed a water moccasin
   989 | D:5      | Noticed a water moccasin
   997 | D:5      | Killed a water moccasin
   998 | D:5      | Reached skill level 8 in Unarmed Combat
   998 | D:5      | Reached XP level 7. HP: 47/61 MP: 7/7
  1147 | D:5      | Identified 3 scrolls of acquirement
  1147 | D:5      | Acquired a +2 tower shield of positive energy
  1153 | D:5      | Acquired the +1 storm dragon scales of Lucidity {-Tele Fly
                  | rElec SInv}
  1164 | D:5      | Acquired the amulet "Ushries" {Spirit rElec rF+ Int-3
                  | Slay+6}
  1240 | D:5      | Found a hazy altar of Hepliaklqana.
  1319 | D:5      | Found a snail-covered altar of Cheibriados.
  1618 | D:6      | Reached skill level 1 in Fighting
  1618 | D:6      | Reached skill level 9 in Unarmed Combat
  1723 | D:6      | Noticed Prince Ribbit
  1725 | D:6      | Reached *** piety under Cheibriados
  1729 | D:6      | Killed Prince Ribbit
  1730 | D:6      | Reached skill level 1 in Armour
  1730 | D:6      | Reached skill level 1 in Shields
  1730 | D:6      | Reached XP level 8. HP: 56/70 MP: 5/9
  1953 | D:6      | Found a white marble altar of Elyvilon.
  2031 | D:6      | Noticed a two-headed ogre
  2040 | D:6      | Killed a two-headed ogre
  2041 | D:6      | Reached skill level 10 in Unarmed Combat
  2041 | D:6      | Reached XP level 9. HP: 62/80 MP: 6/11
  2090 | D:6      | Noticed a troll
  2096 | D:6      | Killed a troll
  2390 | D:6      | Found a runed translucent gate.
  2390 | D:6      | Found a runed translucent gate.
  2390 | D:6      | Found a runed translucent gate.
  2392 | D:6      | Found an opulent altar of Gozag.
  2392 | D:6      | Noticed an unseen horror
  2393 | D:6      | Noticed Palms's ghost (novice DsNe)
  2430 | D:5      | Killed Dowan
  2438 | D:5      | Killed Duvessa
  2439 | D:5      | Reached **** piety under Cheibriados
  2537 | D:4      | Found a staircase to the Ecumenical Temple.
  2757 | D:4      | Found an iron altar of Okawaru.
  2963 | D:4      | Found an ancient bone altar of Kikubaaqudgha.
  3443 | D:3      | Noticed Terence
  3449 | D:3      | Killed Terence
  3993 | D:2      | Reached ***** piety under Cheibriados
  5287 | D:1      | Gained mutation: Your spells are a little easier to cast,
                  | but a little less powerful. [potion of mutation]
  5287 | D:1      | Gained mutation: Your muscles are strong. (Str +4, Int/Dex
                  | -1) [potion of mutation]
  5287 | D:1      | Gained mutation: Your mind is acute. (Int +4, Str/Dex -1)
                  | [potion of mutation]
  5560 | D:7      | Noticed Joseph
  5568 | D:7      | Killed Joseph
  5648 | D:7      | Noticed Menkaure
  5653 | D:7      | Killed Menkaure
  5711 | D:7      | Found an ornate altar of the Wu Jian Council.
  5841 | D:7      | Found a large runed translucent door.
  5841 | D:7      | Found a large runed translucent door.
  5920 | D:7      | Reached XP level 10. HP: 86/91 MP: 10/13
  5952 | D:7      | Found Jataetop's Neck Hole.
  5964 | D:7      | Bought the +0 cloak of the Turtle {Dex+7} for 314 gold
                  | pieces
  6509 | D:7      | Found a stormy altar of Qazlal.
  6515 | D:7      | Reached skill level 11 in Unarmed Combat
  6520 | D:7      | Found a burning altar of Makhleb.
  6569 | D:8      | Found an opulent altar of Gozag.
  6607 | D:8      | Noticed an elephant
  6619 | D:8      | Killed an elephant
  6771 | D:8      | Found a staircase to the Lair.
  6794 | D:8      | Found a blossoming altar of Fedhas.
  6981 | D:8      | Found a sparkling altar of Nemelex Xobeh.
  7125 | D:8      | Noticed Maggie
  7129 | D:8      | Reached ****** piety under Cheibriados
  7135 | D:8      | Killed Maggie
  7690 | D:9      | Noticed Psyche
  7710 | D:9      | HP: 2/94 [something (10)]
  7710 | D:9      | Slain by Psyche

Illustrated notes

Levels and vault maps discovered:
D:1:      dpeg_arrival_water_temple_mockup, layout_basic,
          nicolae_figureground_pulse
D:2:      layout_loops_cross, minmay_goblin_kobold_house
D:3:      layout_basic, xom_teletrap_fun,
          hellmonk_ecumenical_altar_heavens_door, chequers_jeans, minmay_cupped,
          uniq_terence
D:4:      cheibrodos_thug_alley, layout_layer_cave, tso_altar,
          mainiacjoe_overflow_brackets, mainiacjoe_overflow_boulevard,
          minmay_temple_entry_sparse_star, serial_shops, shop, uniq_duvessa
D:5:      layout_basic, lemuel_doored_altar, nicolae_hepliaklqana_hazy_memory,
          minmay_a_box_with_orc_wizards_in_it
D:6:      minmay_chambers_of_sixes, layout_basic, mainiacjoe_overflow_alcove_4,
          ebering_ghost_gozag, uniq_prince_ribbit1
D:7:      layout_layer_cave, mainiacjoe_overflow_small_starburst,
          jmf_multi_god_temple2, nicolae_shop_sticking_my_neck_out,
          uniq_menkaure, uniq_joseph
D:8:      layout_cave_pods, nicolae_gozag_cash_rules_everything_around_me,
          fedhas_ov_isle_minmay, mainiacjoe_overflow_catwalk,
          david_lair_generic, special_room [special_room_orc], uniq_maggie
D:9:      nzn_winding_woodlands_medium [nzn_winding_woodlands_5x5_three,
          nzn_winding_woodlands_5x15_sawtooth,
          nzn_winding_woodlands_5x5_closed_star,
          nzn_winding_woodlands_5x5_cross, nzn_winding_woodlands_center_garden,
          nzn_winding_woodlands_5x5_default, nzn_winding_woodlands_hourglass,
          nzn_winding_woodlands_5x15_crooked,
          nzn_winding_woodlands_5x5_checkerboard], layout_rooms,
          mainiacjoe_overflow_chevrons, blue_anna_alchemist, uniq_psyche

Skill      XL: |  1  2  3  4  5  6  7  8  9 10 |
---------------+-------------------------------+-----
Unarmed Combat | 4 5 7 8 9 10 11 | 11.8
Fighting       | 1 2 3 4 |  4.6
Armour         | 1 2 3 4 |  4.4
Shields        | 1 2 3 4 |  4.9
Transmutations | 2 3 4 |  4.4
Spellcasting   | 2 3 |  3.2
Dodging        | |  1.5

Action                   |  1- 3 |  4- 6 |  7- 9 | 10-12 || total
-------------------------+-------+-------+-------+-------++-------
Melee: Unarmed           |    86 |    59 |   253 |   124 ||   522
       Kick              |       |    10 |     2 |       ||    12
       Headbutt          |       |     7 |     2 |       ||     9
       Punch             |       |     1 |       |       ||     1
 Cast: Beastly Appendage |       |    16 |     2 |       ||    18
  Use: Scroll            |       |       |    17 |     3 ||    20
       Potion            |       |       |     1 |       ||     1
Armor: Robe              |    37 |    16 |     2 |       ||    55
       Storm dragon scal |       |       |   103 |    63 ||   166
Dodge: Dodged            |    39 |    31 |    41 |    51 ||   162
Block: Tower shield      |       |       |   222 |   175 ||   397

Table legend: (Time is in decaauts)
 A = Elapsed time spent in this place.
 B = Non-inter-level travel time spent in this place.
 C = Inter-level travel time spent in this place.
 D = Time resting spent in this place.
 E = Time spent auto-exploring this place.
 F = Levels seen in this place.
 G = Mean time per level.
                   A        B        C        D        E       F      G
               +--------+--------+--------+--------+--------+-----+--------+
         Total |  12137 |  11623 |    514 |    496 |   9522 |   9 | 1348.6 |
       Dungeon |  12137 |  11623 |    514 |    496 |   9522 |   9 | 1348.6 |
               +--------+--------+--------+--------+--------+-----+--------+

Top non-repeatable levels by time:
     D:7: 2022 daAuts
     D:4: 1951 daAuts
     D:8: 1797 daAuts
     D:1: 1486 daAuts
     D:6: 1351 daAuts
     D:3: 1149 daAuts
     D:5: 1131 daAuts
     D:2: 1082 daAuts
     D:9: 163 daAuts
